 Dungeon Crawl Stone Soup version 0.29-a0-221-gceb61267dd (webtiles) character file.

Game seed: 7471467852533573894

5824 mcwallace the Fighter (level 11, -7/93 HPs)
             Began as a Formicid Ice Elementalist on Feb 26, 2022.
             Was a Believer of Okawaru.
             Mangled by a komodo dragon (23 damage)
             ... on level 1 of the Lair of Beasts.
             The game lasted 00:31:02 (11370 turns).

mcwallace the Fighter (Formicid Ice Elementalist)  Turns: 11370, Time: 00:31:03

Health: -7/93      AC: 11    Str: 13    XL:     11   Next: 7%
Magic:  12/17      EV: 17    Int: 21    God:    Okawaru [**....]
Gold:   494        SH:  0    Dex: 15    Spells: 11/18 levels left

rFire   . . .      SeeInvis +   G - +4 mace (freeze) {mace}
rCold   . . .      Faith    .   (no shield)
rNeg    . . .      Spirit   .   a - +0 robe
rPois   .          Reflect  .   (helmet unavailable)
rElec   .          Harm     .   (no cloak)
rCorr   .          Rampage  .   M - +0 pair of gloves
Will    ++...                   z - +0 pair of boots
Stlth   ++........              w - amulet of regeneration {@e2}
HPRegen 1.05/turn               E - +6 ring of intelligence
MPRegen 0.15/turn               L - ring of willpower

@: ice-armoured, freezing walls
A: permanent stasis, dig shafts and tunnels, antennae 3, four strong arms
a: Dig, Shaft Self, Renounce Religion, Heroism


You were on level 1 of the Lair of Beasts.
You worshipped Okawaru.
Okawaru was pleased with you.
You visited 3 branches of the dungeon, and saw 11 of its levels.

You collected 546 gold pieces.
You spent 52 gold pieces at shops.


Innate Abilities, Weirdness & Mutations

You cannot be hasted, slowed, berserked, paralysed or teleported.
You can dig through walls and to a lower floor.
You have a pair of large antennae on your head. (SInv)
Your four strong arms can wield two-handed weapons with a shield.


   Skills:
 + Level 11.0 Fighting
 + Level 9.5 Dodging
 - Level 2.4 Stealth
 - Level 4.2 Spellcasting
 - Level 7.0 Ice Magic


You had 11 spell levels left.
You knew the following spells:

 Your Spells              Type           Power      Damage    Failure   Level
a - Freeze                Ice            100%       1d11      1%          1
b - Frozen Ramparts       Ice            68%        1d8       1%          3
c - Ozocubu's Armour      Ice            34%        N/A       1%          3

Your spell library contained the following spells:

 Spells                   Type           Power      Damage    Failure   Level
 Corpse Rot               Necr/Air       8%         N/A       19%         2
 Poisonous Vapours        Pois/Air       8%         N/A       19%         2
 Hailstorm                Conj/Ice       19%        3d6       26%         4

Inventory:

Hand Weapons
 b - a +2 dagger of speed {short}
   (You took it off an orc on level 4 of the Dungeon)
 c - the +2 dagger of Vociocota {vorpal, Str+4 Dex+4, short}
   (You found it on level 9 of the Dungeon)

   It inflicts extra damage upon your enemies.
   Str:       It affects your strength (+4).
   Dex:       It affects your dexterity (+4).
 G - a +4 mace of freezing (weapon) {mace}
   (You took it off a wight on level 4 of the Dungeon)
Missiles
 e - 253 stones (quivered) {throwing}
 v - 14 poisoned darts {throwing}
 D - a curare-tipped dart {=fthrowing}
 H - 3 javelins {throwing}
Armour
 a - a +0 robe (worn)
 y - a +0 scale mail
   (You took it off an orc priest on level 4 of the Dungeon)
 z - a +0 pair of boots (worn)
   (You found it on level 9 of the Dungeon)
 A - a +0 leather armour
   (You took it off an orc on level 4 of the Dungeon)
 C - a +0 scale mail
   (You took it off an orc priest on level 4 of the Dungeon)
 I - a +0 robe
   (You found it on level 4 of the Dungeon)
 M - a +0 pair of gloves (worn)
   (You found it on level 5 of the Dungeon)
 S - a +0 leather armour
   (You took it off an orc priest on level 6 of the Dungeon)
 T - a +0 leather armour
   (You took it off an orc on level 6 of the Dungeon)
 U - a +0 leather armour
   (You took it off an orc on level 6 of the Dungeon)
 W - a +0 plate armour
   (You took it off an orc warrior on level 6 of the Dungeon)
 X - a +0 chain mail
   (You found it on level 6 of the Dungeon)
 Y - a +0 leather armour
   (You took it off an orc on level 6 of the Dungeon)
 Z - a +0 robe
   (You found it on level 6 of the Dungeon)
Magical Staves
 V - a staff of fire {!astaff}
   (You found it on level 6 of the Dungeon)
Jewellery
 w - an amulet of regeneration (around neck) {@e2}
   (You took it off a kobold on level 4 of the Dungeon)
 x - an amulet of the acrobat
   (You found it on level 8 of the Dungeon)
 E - a +6 ring of intelligence (left hand)
   (You found it on level 9 of the Dungeon)
 L - a ring of willpower (right hand)
   (You found it on level 9 of the Dungeon)
 N - a ring of positive energy
   (You found it on level 5 of the Dungeon)
Wands
 i - a wand of digging (5)
   (You found it on level 6 of the Dungeon)
 t - a wand of polymorph (15)
   (You found it on level 7 of the Dungeon)
 O - a wand of flame (12)
   (You found it on level 9 of the Dungeon)
Scrolls
 d - a scroll of silence {unknown}
 f - 3 scrolls of noise {!r}
 h - a scroll of enchant weapon {unknown}
 j - a scroll of enchant armour {unknown}
 k - 6 scrolls of teleportation {@r4}
 l - 2 scrolls of fog
 m - 2 scrolls of magic mapping {!r}
 p - a scroll of summoning {unknown}
 B - a scroll of fear {unknown}
 J - 3 scrolls of blinking {!r}
 Q - 3 scrolls of amnesia
 R - a scroll of vulnerability {unknown}
Potions
 g - a potion of attraction {!q}
 n - 3 potions of haste {@q3}
 o - 4 potions of magic {unknown}
 q - 2 potions of might
 r - a potion of curing {@q1}
 s - 5 potions of degeneration {!q@e2}
 u - a potion of berserk rage {unknown}
 F - a potion of cancellation {unknown}
 K - a potion of brilliance {unknown}
 P - a potion of mutation {unknown}

Dungeon Overview and Level Annotations

Branches:
Dungeon (9/15)             Temple (1/1) D:7            Lair (1/6) D:8
    Orc: D:9-12

Altars:
Ashenzari
Cheibriados
Dithmenos
Elyvilon
Fedhas
Gozag
Hepliaklqana
Nemelex Xobeh
Okawaru
Qazlal
Ru
Sif Muna
Uskayaw
Vehumet
Xom
Yredelemnul

Shops:
D:4 (((   D:9 *

Annotations:
D:5 2 transporters

#l #.# ##.P #...
### ######..##
###....
.........##†......
.........l@..#
...........###
....(..<...#
............#
....?........#
.............#
...............{
................
................


You could see a komodo dragon (slow).


Message History

You kill the hog!
Okawaru accepts your kill.
You have reached level 11! 😕 HP[+7]
You now have 92 max hp (+6).
You regained 7 hp, and now have 78/92 hp.
The frozen ramparts melt away.
Items here: ) [ ††. 😎 HP[+14] MP[+3]
Your hp is fully restored (92).
Your mp is fully restored (17).
Done exploring.
Done exploring.
Done exploring.
Done exploring.
You see here a staff of fire {!astaff}.
(D) Dungeon (T) Temple (L) Lair
Where to? (Enter - D:9 @ (x,y), ? - help)
What level of the Lair of Beasts? (default 1, ? - help)
You see here a +0 short sword {short}.
There is a stone staircase leading up here.
You climb upwards.
There is a stone staircase leading down here.
Things that are here:
a +0 halberd {polearm}; a +0 scale mail; a +0 spear {polearm}
Things that are here:
a +0 whip {mace}; a +0 flail of holy wrath {mace}
There is an escape hatch in the ceiling here.
There is a staircase to the Lair here.
You climb downwards.
Welcome to the Lair of Beasts!
There is a staircase back to the Dungeon here.
A cane toad is nearby!
A komodo dragon comes into view.
Casting: Frozen Ramparts (safe; 1% risk of failure)
Confirm with . or Enter, or press ? or * to list all spells.
Casting: Frozen Ramparts (safe; 1% risk of failure)
Press: ? - help, Dir - look around, f - activate The walls around you are covered in ice.
The cane toad croaks.
The wall freezes the cane toad.
The cane toad seems to slow down.
The cane toad stings you!
You are poisoned.
The cane toad poisons you!
The komodo dragon hisses angrily. 😕 HP[-13] MP[-3]
You take 13 damage, and now have 79/92 hp.
You lost 3 mp, and now have 14/17 mp.
You hit the cane toad but do no damage.
You feel extremely sick.
The cane toad is no longer moving slowly.
The wall freezes the cane toad.
The cane toad misses you. 😕 HP[-7]
You take 7 damage, and now have 72/92 hp.
You barely miss the cane toad.
You feel very sick.
The wall freezes the cane toad.
The cane toad seems to slow down.
The cane toad stings you.
The wall freezes the cane toad.
The cane toad stings you! 😮 HP[-13]
You take 13 damage, and now have 59/92 hp.
You hit the cane toad but do no damage.
You feel very sick.
The wall freezes the cane toad!
The cane toad stings you!
The wall freezes the komodo dragon! 😮 HP[-10]
You take 10 damage, and now have 49/92 hp.
You barely miss the cane toad.
You feel sick.
The wall freezes the komodo dragon.
The komodo dragon bites you!
* * * LOW HITPOINT WARNING * * *
The wall freezes the cane toad!
The cane toad stings you!
* * * LOW HITPOINT WARNING * * *
You are more poisoned.
The cane toad poisons you!
The wall freezes the komodo dragon!
The komodo dragon bites you!
* * * LOW HITPOINT WARNING * * *
😱 HP[-43] MP[+1]
You take 43 damage, and now have 6/92 hp.
MASSIVE DAMAGE!! (PAUSE)
You feel better.
The wall freezes the cane toad.
The cane toad seems to slow down.
The cane toad closely misses you.
The wall freezes the komodo dragon.
The komodo dragon misses you. 😱 HP[+11]
You regained 11 hp, and now have 17/92 hp.
You feel better.
The wall freezes the cane toad.
You kill the cane toad!
Okawaru accepts your kill.
The wall freezes the komodo dragon.
The komodo dragon seems to slow down.
The komodo dragon bites you!
* * * LOW HITPOINT WARNING * * *
Your Fighting skill increases to level 11! 😱 HP[-8]
You now have 93 max hp (+1).
You take 8 damage, and now have 9/93 hp.
Casting: Frozen Ramparts (safe; 1% risk of failure)
Confirm with . or Enter, or press ? or * to list all spells.
A film of ice covers your body! 😱 HP[+1] MP[-3]
You lost 3 mp, and now have 12/17 mp.
You feel better.
The wall freezes the komodo dragon!
The komodo dragon seems to slow down.
The komodo dragon bites you!!
You die...

Skill      XL: |  1  2  3  4  5  6  7  8  9 10 11 |
---------------+----------------------------------+-----
Dodging        | 2 3 4 5 7 9 |  9.5
Fighting       | 1 2 3 4 6 8 10 11 | 11.0
Spellcasting   | 3 4 |  4.2
Ice Magic      | 5 6 7 |  7.0
Stealth        | |  2.4

Action                   |  1- 3 |  4- 6 |  7- 9 | 10-12 || total
-------------------------+-------+-------+-------+-------++-------
Melee: Unarmed           |     1 |       |       |       ||     1
       Short sword       |    48 |    52 |    33 |       ||   133
       Punch             |     1 |       |     2 |     3 ||     6
       Mace              |       |       |   125 |   112 ||   237
Throw: Javelin           |       |       |     3 |       ||     3
       Stone             |       |       |       |     1 ||     1
 Cast: Freeze            |    25 |    16 |       |       ||    41
       Frozen Ramparts   |     2 |    12 |    28 |    24 ||    66
       Ozocubu's Armour  |       |       |     9 |     8 ||    17
  Use: Scroll            |       |       |     8 |     3 ||    11
       Potion            |       |       |       |     3 ||     3
 Stab: Sleeping          |       |     3 |     4 |     1 ||     8
Armor: Robe              |    11 |     6 |    33 |    17 ||    67
Dodge: Dodged            |    52 |    30 |   124 |   100 ||   306

Levels and vault maps discovered:
D:1:      dpeg_arrival_arbitrary_b, layout_loops_ring,
          shapermc_ecumenical_altar_petra, minmay_heptomino_w4
D:2:      cheibrodos_greedy_goblins, layout_basic
D:3:      layout_loops_cross, nicolae_overflow_crystal_walls
D:4:      layout_loops_corners, serial_shops, nicolae_shop_stone,
          nicolae_shop_hallway_plus, nicolae_shop_bloodbath_and_beyond,
          st_stairs_10
D:5:      gammafunk_wand_slinger, layout_layer_cave, yredelemnul_altar_generic,
          mainiacjoe_overflow_small_starburst
D:6:      layout_loops_ring, minmay_misc_feat_tower, uniq_grinder
D:7:      layout_rooms, temple_pool_b, kennysheep_generic_room_14
D:8:      layout_loops_ring, lemuel_round_altar, mainiacjoe_overflow_chevrons,
          lair_entry_dummy
D:9:      layout_loops_ring, gammafunk_temple_overflow_claw, serial_shops,
          shop_fountains, columned_hall_lemuel, grunt_livestock, hive_lemuel
Temple:   nicolae_temple_figure_eight
Lair:1:   layout_layer_cave, gammafunk_ghost_cemetery

Notes
Turn   | Place    | Note
-------+----------+-------------------------------------------
     0 | D:1      | mcwallace the Formicid Ice Elementalist began the quest for
                  | the Orb.
     0 | D:1      | Reached XP level 1. HP: 13/13 MP: 3/3
     0 | D:1      | magus.rc [v1.9.6]
   275 | D:1      | Reached XP level 2. HP: 20/20 MP: 3/5
   424 | D:1      | Reached skill level 2 in Dodging
   436 | D:1      | Reached skill level 1 in Fighting
   801 | D:1      | Reached XP level 3. HP: 20/26 MP: 3/6
   909 | D:1      | Found a faded altar of an unknown god.
  1260 | D:2      | Learned a level 3 spell: Frozen Ramparts
  1550 | D:2      | Reached XP level 4. HP: 33/33 MP: 4/8
  1834 | D:2      | Reached skill level 2 in Fighting
  1834 | D:2      | Reached skill level 3 in Spellcasting
  1840 | D:2      | Reached XP level 5. HP: 20/38 MP: 3/9
  3627 | D:3      | Found a white marble altar of Elyvilon.
  3846 | D:4      | Reached skill level 3 in Dodging
  3846 | D:4      | Reached XP level 6. HP: 28/46 MP: 6/11
  4155 | D:4      | Reached skill level 3 in Fighting
  4155 | D:4      | Reached skill level 5 in Ice Magic
  4672 | D:4      | Found Bumut's Weapon Emporium.
  4680 | D:4      | Reached XP level 7. HP: 52/52 MP: 8/12
  4744 | D:4      | Reached skill level 4 in Spellcasting
  4930 | D:4      | Found Evvi's Weapon Shop.
  4999 | D:4      | Found Zajyt's Antique Weapon Emporium.
  5041 | D:4      | Reached skill level 4 in Fighting
  5045 | D:4      | Learned a level 3 spell: Ozocubu's Armour
  5082 | D:4      | Reached skill level 4 in Dodging
  5313 | D:4      | Reached XP level 8. HP: 61/61 MP: 14/14
  5616 | D:5      | Entered Level 5 of the Dungeon
  5625 | D:4      | Reached skill level 6 in Ice Magic
  5972 | D:5      | Reached skill level 5 in Fighting
  6071 | D:5      | Found a transporter.
  6133 | D:5      | Found a radiant altar of Vehumet.
  6154 | D:5      | Reached skill level 5 in Dodging
  6288 | D:5      | Found a transporter.
  6537 | D:5      | You pick up a book of Vapours and begin reading...
  6537 | D:5      | You add the spells Poisonous Vapours and Corpse Rot to your
                  | library.
  6661 | D:5      | Reached skill level 6 in Fighting
  6661 | D:5      | Reached XP level 9. HP: 21/69 MP: 9/15
  6661 | D:5      | HP: 17/69 [black bear (2)]
  6663 | D:5      | Reached skill level 7 in Ice Magic
  6752 | D:5      | Found a basalt altar of Yredelemnul.
  7325 | D:6      | Noticed Grinder
  7359 | D:6      | Killed Grinder
  7360 | D:6      | Reached skill level 6 in Dodging
  7520 | D:6      | Reached skill level 7 in Fighting
  8430 | D:7      | Reached skill level 8 in Fighting
  8430 | D:7      | Reached skill level 7 in Dodging
  8521 | D:7      | Reached XP level 10. HP: 63/82 MP: 11/16
  8651 | D:7      | Found a staircase to the Ecumenical Temple.
  8662 | Temple   | Entered the Ecumenical Temple
  8797 | Temple   | Became a worshipper of Warmaster Okawaru
  9105 | D:8      | Found a staircase to the Lair.
  9373 | D:8      | Found a broken altar of Ashenzari.
  9379 | D:8      | Reached skill level 9 in Fighting
  9676 | D:8      | Found a hazy altar of Hepliaklqana.
 10017 | D:9      | Reached skill level 8 in Dodging
 10149 | D:9      | Reached * piety under Okawaru
 10158 | D:9      | Reached skill level 10 in Fighting
 10336 | D:9      | You pick up a book of Vapours and begin reading...
 10399 | D:9      | Found a stormy altar of Qazlal.
 10399 | D:9      | Found a sparkling altar of Nemelex Xobeh.
 10399 | D:9      | Found a hide-covered altar of Uskayaw.
 10594 | D:9      | Found Nes Kymp's General Store.
 10599 | D:9      | Bought a scroll of identify for 26 gold pieces
 10599 | D:9      | Bought a scroll of identify for 26 gold pieces
 10941 | D:9      | Identified the +2 dagger of Vociocota {vorpal, Str+4 Dex+4}
 11007 | D:9      | Reached skill level 9 in Dodging
 11117 | D:9      | Reached ** piety under Okawaru
 11188 | D:9      | Reached XP level 11. HP: 78/92 MP: 14/17
 11358 | Lair:1   | Entered Level 1 of the Lair of Beasts
 11366 | Lair:1   | HP: 23/92 [cane toad (9)]
 11366 | Lair:1   | HP: 6/92 [komodo dragon (17)]
 11369 | Lair:1   | Reached skill level 11 in Fighting
 11370 | Lair:1   | Mangled by a komodo dragon

Vanquished Creatures
  A cane toad (Lair:1)
  Grinder (D:6)
  A human (D:9)
  3 hogs (D:9)
  9 yaks (D:9)
  A steam dragon (D:9)
  2 water moccasins
  2 orc warriors
  2 necrophages
  A sky beast (D:6)
  3 black bears
  3 ogres (D:5)
  3 centaurs
  3 bullfrogs
  2 kobold brigands
  A gnoll sergeant (D:8)
  2 scorpions
  2 howler monkeys (D:8)
  4 wights (D:4)
  9 orc priests
  4 hounds
  A jelly (D:6)
  2 gnoll shamans
  3 iguanas
  11 orc wizards
  8 adders
  15 gnolls
  2 white imps (D:7)
  A worm (D:3)
  A dart slug (D:1)
  47 orcs
  10 ball pythons
  7 endoplasms
  3 giant cockroaches (D:1)
  6 hobgoblins
  9 jackals
  A quokka (D:4)
  A bat (D:1)
  5 frilled lizards
  12 goblins
  15 kobolds
  A rat (D:1)
220 creatures vanquished.

Vanquished Creatures (others)
  A fungus (Lair:1)
1 creature vanquished.

Grand Total: 221 creatures vanquished

Table legend:
 A = Non-vault XP
 B = Vault XP
 C = Vault XP percentage of total XP
 D = Non-vault monster count
 E = Vault monster count
 F = Vault count percentage of total count
                 A         B        C        D         E       F
            +---------+---------+-------+---------+---------+-------
      Total |    6845 |    1476 |  17.7 |     190 |      30 |  13.6
            +---------+---------+-------+---------+---------+-------
        D:1 |      26 |      15 |  36.6 |      17 |       7 |  29.2
        D:2 |     130 |      22 |  14.5 |      16 |      12 |  42.9
        D:3 |      48 |       0 |   0.0 |      13 |       0 |   0.0
        D:4 |    1018 |       5 |   0.5 |      36 |       3 |   7.7
        D:5 |     891 |       0 |   0.0 |      19 |       0 |   0.0
        D:6 |     823 |     262 |  24.1 |      20 |       1 |   4.8
        D:7 |     526 |     186 |  26.1 |      15 |       2 |  11.8
        D:8 |     710 |       0 |   0.0 |      24 |       0 |   0.0
        D:9 |    2291 |     986 |  30.1 |      29 |       5 |  14.7
     Lair:1 |     382 |       0 |   0.0 |       1 |       0 |   0.0
            +---------+---------+-------+---------+---------+-------

Illustrated notes

Table legend:
 A = Kills in this place as a percentage of kills in entire the game.
 B = Kills by you in this place as a percentage of kills by you in the entire game.
 C = Kills by friends in this place as a percentage of kills by friends in the entire game.
 D = Other kills in this place as a percentage of other kills in the entire game.
 E = Experience gained in this place as a percentage of experience gained in the entire game.
 F = Experience gained in this place divided by the number of levels of this place that you have seen.
                   A       B       C       D       E      F
               +-------+-------+-------+-------+-------+----------------------
         Total | 100.0 | 100.0 |   N/A |   N/A | 100.0 | 756.5
       Dungeon |  99.5 |  99.5 |   N/A |   N/A |  95.4 | 882.1
          Lair |   0.5 |   0.5 |   N/A |   N/A |   4.6 | 382.0
               +-------+-------+-------+-------+-------+----------------------

Table legend: (Time is in decaauts)
 A = Elapsed time spent in this place.
 B = Non-inter-level travel time spent in this place.
 C = Inter-level travel time spent in this place.
 D = Time resting spent in this place.
 E = Time spent auto-exploring this place.
 F = Levels seen in this place.
 G = Mean time per level.
                   A        B        C        D        E       F      G
               +--------+--------+--------+--------+--------+-----+--------+
         Total |  11479 |  11016 |    463 |    812 |   8363 |  11 | 1043.5 |
       Dungeon |  11309 |  10867 |    442 |    812 |   8232 |   9 | 1256.6 |
        Temple |    156 |    136 |     20 |      0 |    131 |   1 |  156.0 |
          Lair |     13 |     13 |      0 |      0 |      0 |   1 |   13.0 |
               +--------+--------+--------+--------+--------+-----+--------+

Top non-repeatable levels by time:
     D:4: 2100 daAuts
     D:2: 1419 daAuts
     D:5: 1415 daAuts
     D:9: 1400 daAuts
     D:1: 1247 daAuts
     D:3: 1112 daAuts
     D:8: 1028 daAuts
     D:6: 970 daAuts
     D:7: 615 daAuts
  Temple: 156 daAuts
  Lair:1: 13 daAuts
